 Dungeon Crawl Stone Soup version 0.27-b1-23-g44b8eac545 (webtiles) character file.

Game seed: 12437984876308100912

9690 ABBCCCDDDD the Fighter (level 11, 0/74 HPs)
             Began as a Gargoyle Summoner on July 27, 2021.
             Was a Believer of Qazlal.
             Slain by a wraith (7 damage)
             ... led by Josephine
             ... on level 11 of the Dungeon.
             The game lasted 00:45:36 (17672 turns).

ABBCCCDDDD the Fighter (Gargoyle Summoner)         Turns: 17672, Time: 00:45:37

Health: 0/74       AC: 27    Str: 15    XL:     11   Next: 50%
Magic:  5/5        EV:  9    Int: 16    God:    Qazlal [**....]
Gold:   503        SH: 12    Dex: 10    Spells: 13/14 levels left

rFire    + + .     SeeInvis .   I - +1 flail (protect)
rCold    + + .     Faith    .   P - +0 kite shield
rNeg     + . .     Spirit   .   L - +3 ring mail of the Gloaming {rPois rF+ rC++ MP-9}
rPois    ∞         Reflect  .   b - +1 hat
rElec    +         Harm     .   (no cloak)
rCorr    .         Rampage  .   D - +0 pair of gloves
Will     .....                  y - +0 pair of boots
Stlth    +.........             J - amulet of the acrobat
HPRegen  0.22/turn              O - ring of protection from fire
MPRegen  0.09/turn              (no ring)

@: under a protective aura
A: sickness immunity, AC +8, negative energy resistance 1, electricity
resistance, torment resistance 1, petrification resistance
a: Renounce Religion, Upheaval


You were on level 11 of the Dungeon.
You worshipped Qazlal.
Qazlal was pleased with you.
You visited 2 branches of the dungeon, and saw 12 of its levels.
You also visited: Sewer.

You collected 503 gold pieces.

Inventory:

Hand Weapons
 h - a +1 dagger of venom
 r - a +8 club
 I - a +1 flail of protection (weapon)
 R - a +0 morningstar of draining
Missiles
 g - 6 javelins (quivered)
 o - 5 boomerangs of dispersal
 p - 4 silver boomerangs
Armour
 b - a +1 hat (worn)
 y - a +0 pair of boots (worn)
 D - a +0 pair of gloves (worn)
 G - a +2 scale mail of cold resistance
 L - the +3 ring mail of the Gloaming (worn) {rPois rF+ rC++ MP-9}
   (You found it on level 7 of the Dungeon)

   rF:        It protects you from fire.
   rC:        It greatly protects you from cold.
   rPois:     It protects you from poison.
   MP:        It affects your magic capacity (-9).
 M - a +0 tower shield
 P - a +0 kite shield (worn)
 S - +0 acid dragon scales
Jewellery
 J - an amulet of the acrobat (around neck)
 K - an amulet of magic regeneration
 O - a ring of protection from fire (left hand)
Wands
 t - a wand of flame (68)
Scrolls
 e - a scroll of torment {unknown}
 f - 2 scrolls of enchant weapon {unknown}
 j - a scroll of brand weapon {unknown}
 l - 5 scrolls of identify {unknown}
 n - a scroll of silence {unknown}
 u - 2 scrolls of magic mapping {unknown}
 x - a scroll of noise {unknown}
 A - a scroll of teleportation
 B - 2 scrolls of enchant armour {unknown}
 C - a scroll of fog {unknown}
 H - 2 scrolls of amnesia {unknown}
Potions
 a - a potion of berserk rage {unknown}
 c - 2 potions of brilliance {unknown}
 d - a potion of magic {unknown}
 i - 2 potions of might
 k - a potion of heal wounds
 m - 3 potions of haste {unknown}
 q - 2 potions of lignification {unknown}
 s - 2 potions of mutation {unknown}
 v - 3 potions of curing
 z - a potion of resistance {unknown}
 E - a potion of degeneration {unknown}
 F - 2 potions of flight
 N - a potion of cancellation {unknown}
 Q - a potion of invisibility {unknown}


   Skills:
 + Level 11.1 Fighting
 - Level 1.2 Short Blades
 - Level 10.0 Maces & Flails
 - Level 6.0 Armour
 - Level 1.5 Dodging
 - Level 2.1 Stealth
 + Level 6.0 Shields
 - Level 2.0 Spellcasting
 - Level 3.6 Summonings
 - Level 5.0 Invocations
 - Level 4.0 Evocations


You had 13 spell levels left.
You knew the following spells:

 Your Spells              Type           Power      Damage    Failure   Level
a - Summon Small Mammal   Summ           52%        N/A       26%         1

Your spell library contained the following spells:

 Spells                   Type           Power      Damage    Failure   Level
 Call Imp                 Summ           13%        N/A       38%         2
 Call Canine Familiar     Summ           13%        N/A       63%         3
 Animate Skeleton         Necr           2%         N/A       75%         1
 Apportation              Tloc           2%         N/A       75%         1
 Corona                   Hex            1%         N/A       75%         1
 Summon Guardian Golem    Hex/Summ       7%         N/A       86%         3
 Ensorcelled Hibernation  Hex/Ice        2%         N/A       87%         2
 Slow                     Hex            1%         N/A       87%         2
 Confusing Touch          Hex            1%         N/A       98%         3
 Portal Projectile        Hex/Tloc       2%         N/A       98%         3
 Spider Form              Tmut/Pois      0%         N/A       98%         3
 Vampiric Draining        Necr           0%         2d6       98%         3
 Summon Lightning Spire   Summ/Air       7%         N/A       99%         4
 Fulminant Prism          Conj/Hex       0%         3d6       100%        4
 Iskenderun's Mystic Bla  Conj/Tloc      1%         2d3       100%        4
 Blade Hands              Tmut           0%         N/A       100%        5
 Excruciating Wounds      Necr           0%         N/A       100%        5
 Fireball                 Conj/Fire      0%         3d3       100%        5
 Lee's Rapid Deconstruct  Erth           0%         3d5*      100%        5
 Summon Forest            Summ/Tloc      3%         N/A       100%        5
 Summon Mana Viper        Hex/Summ       7%         N/A       100%        5
 Shadow Creatures         Summ           N/A        N/A       100%        6
 Starburst                Conj/Fire      0%         8x6d3     100%        6
 Ignition                 Fire           0%         3d3       100%        8


Dungeon Overview and Level Annotations

Branches:
Dungeon (11/15)            Temple (1/1) D:6            Lair (0/6) D:10
  Sewer (visited)
    Orc: D:9-12

Altars:
Ashenzari
Cheibriados
Dithmenos
Elyvilon
Hepliaklqana
Kikubaaqudgha
Makhleb
Nemelex Xobeh
Okawaru
Qazlal
Ru
Sif Muna
Trog
Uskayaw
Vehumet
Wu Jian
Xom
Yredelemnul
Zin
The Shining One

Annotations:
D:4 3 runed translucent doors, Crazy Yiuf; Zeebu's ghost, amateur DsAK
D:10 exclusion: orange crystal statue


Innate Abilities, Weirdness & Mutations

You are immune to sickness and miasma.
Your stone body is resilient. (AC +8)
You are immune to poison.
You resist negative energy. (rN+)
You are resistant to electric shocks. (rElec)
You are resistant to unholy torment.
You are immune to petrification.


Message History

The acid corrodes the wraith!
The wraith is moderately damaged.
The now-empty wand crumbles to dust.
The wraith hits you but does no damage.
Your life force feels restored.
Your Fighting skill increases to level 11!
Your +1 dagger of venom stops dripping with poison.
Your +1 flail of protection hums with potential!
I - a +1 flail of protection (weapon)
The wraith hits you but does no damage.
You hit the wraith.
Your weapon exudes an aura of protection.
The wraith is heavily damaged.
You block the wraith's attack. x3
You sock the wraith!
The wraith is severely damaged.
The wraith hits you.
* * * LOW HITPOINT WARNING * * *
The wraith hits you!
* * * LOW HITPOINT WARNING * * *
The wraith drains your vigour!
You feel yourself slow down.
You sock the wraith!
You destroy the wraith!
Qazlal accepts your kill. The wraith hits you but does no damage.
You block the wraith's attack.
Your Shields skill increases to level 6!
Things that are here:
a +0 quarterstaff; a +0 robe; 29 gold pieces You thump the wraith!
The wraith is moderately damaged.
The wraith hits you but does no damage. The wraith barely misses you.
You barely miss the wraith.
The wraith is moderately damaged.
You block the wraith's attack.
You hit the wraith but do no damage.
The wraith is moderately damaged.
You feel yourself speed up. The wraith hits you.
* * * LOW HITPOINT WARNING * * *
The wraith hits you!
You die...

########## #.W@.....# #####
#.######.# ....# #.# #.#
###.# ######.#### #@#
#.#####....<....# #W#########
#...@...####.##.###.#.......#
#
#...########........#.#####.#
# ###....# #........###.#
###.### .@....## #.####.#.#
#.# #......


You could see a wraith.

Vanquished Creatures
  Josephine (D:11)
  2 two-headed ogres
  3 centaur zombies
  Maggie (D:9)
  A kobold demonologist (D:10)
  An unseen horror (D:9)
  2 trolls
  5 slime creatures
  Prince Ribbit (D:6)
  2 wyverns
  3 wraiths (D:11)
  A water moccasin (D:9)
  A hornet zombie (D:7)
  8 orc warriors
  2 black bears
  An ice beast (D:7)
  A necrophage (D:6)
  4 centaurs
  2 ogres (D:6)
  Blork the orc (D:5)
  4 kobold brigands
  A bullfrog (D:7)
  6 killer bees (D:9)
  2 wights (D:8)
  3 howler monkeys (D:8)
  A crimson imp (D:6)
  A bullfrog zombie (D:5)
  7 orc priests
  3 hounds
  A jelly (D:6)
  A bullfrog skeleton (D:4)
  Jessica (D:2)
  A gnoll shaman (D:7)
  Ijyb (D:4)
  13 orc wizards
  3 iguanas
  A killer bee zombie (D:9)
  A howler monkey zombie (D:10)
  Robin (D:4)
  7 gnolls
  3 river rats
  5 adders
  2 shadow imps
  A white imp (D:6)
  An ufetubus (D:6)
  2 worms (D:6)
  A dart slug (D:4)
  39 orcs
  5 ball pythons
  3 bats
  9 endoplasms
  3 giant cockroaches
  15 goblins
  3 hobgoblins
  8 jackals
  31 kobolds
  3 quokkas
  A frilled lizard (D:1)
  10 rats
247 creatures vanquished.

Vanquished Creatures (collateral kills)
  A wight (D:8)
  A jelly (D:6)
  A gnoll (D:1)
  A goblin (D:1)
  2 hobgoblins (D:1)
  2 ball pythons (D:1)
  A kobold (D:1)
9 creatures vanquished.

Vanquished Creatures (others)
  A fungus (D:4)
  A plant (D:1)
2 creatures vanquished.

Grand Total: 258 creatures vanquished

Notes
Turn   | Place    | Note
-------+----------+-------------------------------------------
     0 | D:1      | ABBCCCDDDD the Gargoyle Summoner began the quest for the
                  | Orb.
     0 | D:1      | Reached XP level 1. HP: 10/10 MP: 3/3
   861 | D:1      | Reached skill level 1 in Fighting
   944 | D:1      | Reached XP level 2. HP: 16/16 MP: 5/5
   969 | D:1      | Reached skill level 1 in Armour
  1257 | D:1      | Reached skill level 2 in Fighting
  1392 | D:1      | Reached XP level 3. HP: 20/21 MP: 6/6
  2622 | D:2      | Reached skill level 1 in Short Blades
  2688 | D:2      | Noticed Jessica
  2699 | D:2      | Killed Jessica
  2700 | D:2      | Reached skill level 3 in Fighting
  2700 | D:2      | Reached XP level 4. HP: 8/28 MP: 7/7
  3413 | D:3      | Found a faded altar of an unknown god.
  3792 | D:4      | Identified the -6 helmet of a ziggurat {Will+ Str+4 Dex+5}
  3792 | D:4      | Noticed Robin
  3823 | D:4      | Found a large runed translucent door.
  3823 | D:4      | Found a large runed translucent door.
  3828 | D:4      | Noticed Zeebu's ghost (amateur DsAK)
  3840 | D:4      | Reached skill level 1 in Maces & Flails
  3878 | D:4      | Reached XP level 5. HP: 16/32 MP: 6/8
  4592 | D:4      | Noticed Ijyb
  4616 | D:4      | Killed Ijyb
  4617 | D:4      | Reached XP level 6. HP: 14/38 MP: 9/9
  4978 | D:4      | Killed Robin
  5361 | D:4      | Found a runed translucent door.
  5362 | D:4      | Noticed Crazy Yiuf
  5413 | D:4      | Reached skill level 4 in Fighting
  5685 | D:5      | Entered Level 5 of the Dungeon
  5691 | D:5      | You fall into a shaft and drop 3 floors!
  5852 | D:8      | Noticed an orc warrior
  5895 | D:8      | Killed an orc warrior
  5896 | D:8      | Reached XP level 7. HP: 25/44 MP: 10/10
  5931 | D:8      | Noticed a wyvern
  6705 | D:8      | Killed a wyvern
  6706 | D:8      | Reached skill level 5 in Fighting
  6706 | D:8      | Reached skill level 5 in Maces & Flails
  6706 | D:8      | Reached XP level 8. HP: 32/49 MP: 11/11
  6964 | D:8      | Found a bloodstained altar of Trog.
  7424 | D:8      | Reached skill level 5 in Armour
  7986 | D:6      | Found a staircase to the Ecumenical Temple.
  8003 | Temple   | Entered the Ecumenical Temple
  8016 | Temple   | Became a worshipper of Qazlal Stormbringer
  8140 | D:5      | Noticed Prince Ribbit
  8163 | D:6      | Reached skill level 6 in Fighting
  8164 | D:6      | Reached skill level 1 in Invocations
  8303 | D:6      | Found a glowing drain.
  8322 | Sewer    | Entered a sewer
  8573 | Sewer    | Found a white marble altar of Elyvilon.
  8695 | D:6      | Reached XP level 9. HP: 53/56 MP: 12/12
  8781 | D:6      | Reached * piety under Qazlal
  8782 | D:6      | Reached skill level 1 in Evocations
  9189 | D:6      | Found a shimmering altar of Xom.
  9189 | D:6      | Found a burning altar of Makhleb.
 10036 | D:6      | Killed Prince Ribbit
 10037 | D:6      | Reached skill level 7 in Fighting
 10110 | D:5      | Noticed Blork the orc
 10459 | D:5      | Found a white marble altar of Elyvilon.
 10752 | D:5      | Killed Blork the orc
 10893 | D:5      | Found an ornate altar of the Wu Jian Council.
 11007 | D:7      | Reached ** piety under Qazlal
 11377 | D:7      | Reached XP level 10. HP: 54/64 MP: 13/13
 11489 | D:7      | Reached skill level 5 in Invocations
 11655 | D:7      | Reached skill level 8 in Fighting
 11807 | D:7      | Identified the +3 ring mail of the Gloaming {rPois rF+ rC++
                  | MP-9}
 12897 | D:9      | Killed an unseen horror
 13280 | D:9      | Reached skill level 9 in Fighting
 14028 | D:9      | Reached skill level 1 in Shields
 14576 | D:9      | Noticed Maggie
 14583 | D:9      | Killed Maggie
 15053 | D:10     | Entered Level 10 of the Dungeon
 15068 | D:10     | Noticed a kobold demonologist
 15079 | D:10     | Noticed a sun demon
 15079 | D:10     | Noticed an orange demon
 15079 | D:10     | Killed a kobold demonologist
 15080 | D:10     | Reached skill level 10 in Fighting
 15080 | D:10     | Reached XP level 11. HP: 72/72 MP: 5/14
 15107 | D:10     | Noticed an orange crystal statue
 15113 | D:10     | Noticed a two-headed ogre
 15296 | D:10     | Noticed a death yak
 15298 | D:10     | Noticed a death yak
 15721 | D:10     | Killed a two-headed ogre
 15722 | D:10     | Reached skill level 10 in Maces & Flails
 15795 | D:10     | Found a staircase to the Lair.
 15797 | D:10     | Noticed a death yak
 15905 | D:10     | Noticed a rakshasa
 16852 | D:11     | Noticed a two-headed ogre
 17037 | D:11     | Killed a two-headed ogre
 17274 | D:11     | Reached skill level 5 in Shields
 17600 | D:11     | Noticed Josephine
 17664 | D:11     | Killed Josephine
 17665 | D:11     | Reached skill level 11 in Fighting
 17672 | D:11     | Slain by a wraith

Illustrated notes

Levels and vault maps discovered:
D:1:      giann_bridges, layout_basic, serial_glass, glass_columns_b,
          glass_columns_b, minmay_misc_feat_room
D:2:      layout_basic, minivault_4, uniq_jessica
D:3:      layout_loops_ring, ebering_ecumenical_altar_abandoned
D:4:      kennysheep_spiral_hall, layout_basic, ebering_ghost_disaster_area,
          uniq_ijyb, uniq_crazy_yiuf_cottage, uniq_robin
D:5:      layout_rooms, nzn_wu_jian_council_hall, elyvilon_altar_5,
          uniq_blork_the_orc, uniq_prince_ribbit1
D:6:      layout_layer_cave, grunt_temple_overflow_champion_of_chaos,
          minmay_temple_entry_fiery, portal_sewer_entry_b, kennysheep_potato
D:7:      layout_loops_ring, nicolae_overflow_hidden_temple, glass_columns_a
D:8:      layout_basic, mainiacjoe_overflow_24_doors
D:9:      layout_basic, minmay_misc_feat_alley, uniq_maggie
D:10:     layout_rooms, dpeg_lair_monsters, minivault_16
D:11:     layout_loops_corners, uniq_josephine
Temple:   minmay_freezing_vapour_temple

Skill      XL: |  1  2  3  4  5  6  7  8  9 10 11 |
---------------+----------------------------------+-----
Fighting       | 1 2 3 4 5 6 7 10 11 | 11.1
Armour         | 1 2 3 4 5 6 |  6.0
Short Blades   | 1 |  1.2
Maces & Flails | 1 2 4 5 6 7 9 10 | 10.0
Invocations    | 2 4 5 |  5.0
Evocations     | 3 4 |  4.0
Shields        | 3 6 |  6.0
Dodging        | |  1.5
Stealth        | |  2.1
Spellcasting   | |  2.0
Summonings     | |  3.6

Action                   |  1- 3 |  4- 6 |  7- 9 | 10-12 || total
-------------------------+-------+-------+-------+-------++-------
Melee: Short sword       |    17 |       |     4 |       ||    21
       Whip              |     6 |       |       |       ||     6
       Unarmed           |     5 |       |       |       ||     5
       Dagger            |    89 |       |   396 |    33 ||   518
       Club              |       |   168 |    37 |       ||   205
       Flail             |       |       |    38 |   356 ||   394
       Morningstar       |       |       |       |    15 ||    15
Throw: Javelin           |       |       |       |     2 ||     2
       Dart              |       |       |       |     1 ||     1
       Throwing net      |       |       |       |     1 ||     1
 Cast: Summon Small Mamm |    32 |     2 |    24 |       ||    58
Invok: Upheaval          |       |       |       |     1 ||     1
Evoke: Wand              |       |     4 |    26 |    10 ||    40
  Use: Scroll            |       |     1 |     1 |       ||     2
       Potion            |       |     1 |     1 |     2 ||     4
 Stab: Sleeping          |     2 |       |       |       ||     2
       Paralysed         |       |       |     8 |       ||     8
       Held in net/web   |       |       |       |     1 ||     1
Armor: Robe              |    36 |       |       |       ||    36
       Ring mail         |    10 |       |       |   304 ||   314
       Scale mail        |     2 |    98 |   400 |    38 ||   538
Dodge: Dodged            |    82 |    86 |   270 |   217 ||   655
Block: Other             |       |       |    20 |    23 ||    43
       Kite shield       |       |       |       |   168 ||   168
